 Dungeon Crawl Stone Soup version 0.30.1-1-g62c8e00024 (webtiles) character file.

Game seed: 1439426032868660620

163 Pepete the Magician (level 5, -3/35 HPs)
             Began as a Djinni Fire Elementalist on July 14, 2023.
             Slain by a gnoll
             ... wielding a +0 spear
              (9 damage)
             ... on level 3 of the Dungeon.
             The game lasted 00:02:22 (5570 turns).

Pepete the Magician (Djinni Fire Elementalist)      Turns: 5570, Time: 00:02:23

Health: -3/35      AC:  2    Str:  5 (7)  XL:     5   Next: 73%
Gold:   112        EV: 12    Int: 18 (19) God:
                   SH:  0    Dex: 12 (13)

rFire   + + .        (no weapon)
rCold   x . .        (no shield)
rNeg    . . .        c - +0 robe
rPois   ∞            (no helmet)
rElec   .            (no cloak)
rCorr   .            (no gloves)
SInv    .            (boots unavailable)
Will    .....        (no amulet)
Stlth   ++           (no ring)
HPRegen 0.25/turn    (no ring)
MPRegen 0.00/turn

%: infuse magic (-4 HP)
@: flying
A: sickness immunity, fire resistance 2, cold vulnerability 1, float, innate
caster, HP casting, extra vitality 1
a: no special abilities


You were on level 3 of the Dungeon.
You visited 1 branch of the dungeon, and saw 3 of its levels.

You collected 112 gold pieces.

Inventory:

Armour
 c - a +0 robe (worn)
Scrolls
 a - a scroll of identify
 d - a scroll of immolation
Potions
 b - 2 potions of curing


   Skills:
 - Level 2.1 Dodging
 - Level 1.5 Stealth
 + Level 4.6 Spellcasting


You knew the following spells:

 Your Spells              Type           Power      Damage    Failure   Level
a - Foxfire               Conj/Fire      80%        2x1d8     1%          1
b - Scorch                Fire           40%        2d7       3%          2
c - Volatile Blastmotes   Fire/Tloc      40%        2d13      6%          3
d - Inner Flame           Hex/Fire       20%        N/A       6%          3
e - Flame Wave            Conj/Fire      20%        2d7       21%         4
f - Magic Dart            Conj           80%        1d7       1%          1
g - Searing Ray           Conj           40%        2d5       3%          2
Your spell library was empty.

Dungeon Overview and Level Annotations

Branches:
Dungeon (3/15)

Altars:

Annotations:
D:3 1 runed translucent door, Crazy Yiuf


Innate Abilities, Weirdness & Mutations

You are immune to sickness and miasma.
You are immune to poison.
Your flesh is very heat resistant. (rF++)
You are vulnerable to cold. (rC-)
You float through the air rather than walking.
You learn spells naturally, not from books.
Your magical power is your life essence.
You have superior vitality. (+4 MHP)


Message History

You miscast Foxfire.
You are very lightly contaminated with residual magic.
Nothing appears to happen.
The gnoll closely misses you. The gnoll misses you.
The gnoll hits you from afar with a +0 spear.
You conjure some foxfire!
The foxfire hits the gnoll.
You kill the gnoll!
The gnoll barely misses you.
Casting: Foxfire (safe; 2% risk of failure)
Confirm with . or Enter, or press ? or * to list all spells.
You conjure some foxfire!
The foxfire hits the gnoll!
The gnoll is heavily wounded.
The gnoll hits you from afar with a +0 spear.
You conjure some foxfire!
The foxfire hits the gnoll.
The gnoll is moderately wounded.
The foxfire hits the gnoll.
The gnoll is almost dead.
The gnoll hits you with a +0 club.
The gnoll hits you from afar with a +0 spear.
The foxfire hits the gnoll.
You kill the gnoll!
The gnoll hits you but does no damage.
You are too injured to fight recklessly!
The gnoll barely misses you.
Your magical contamination has completely faded away.
You are too injured to fight recklessly!
Casting: Foxfire (safe; 1% risk of failure)
Confirm with . or Enter, or press ? or * to list all spells.
Flames lash the gnoll.
The gnoll is severely wounded.
The gnoll's fire resistance burns away.
The gnoll closely misses you.
The gnoll hits you from afar with a +0 spear!
* * * LOW HITPOINT WARNING * * *
Casting: Scorch (safe; 3% risk of failure)
Confirm with . or Enter, or press ? or * to list all spells.
Flames lash the gnoll.
The gnoll is burned terribly!
You kill the gnoll!
* * * LOW HITPOINT WARNING * * *
The gnoll hits you from afar with a +0 spear!
You die...

##..).# ##.....## ##
##.......## # #.
#.........# # #.
#.........###### #
##.##...............
...##...##.......#######
......#)........########
#g)@####............
##.## ##.####.##### #.
#.# #...# #. ### ##..##
.. #....# #. ♣....♣ #.
♣♣...♣ #. ♣♣.♣♣ ♣♣.♣


You could see a gnoll.

Vanquished Creatures
  Natasha (twice) (D:2)
  3 adders (D:2)
  3 gnolls (D:3)
  2 worms (D:2)
  3 dart slugs
  An orc (D:3)
  7 bats
  10 endoplasms
  A giant cockroach (D:2)
  3 goblins
  2 hobgoblins
  3 jackals
  5 kobolds
  A quokka (D:1)
  4 ball pythons
  3 frilled lizards
  4 rats
57 creatures vanquished.

Vanquished Creatures (others)
  256 foxfires
256 creatures vanquished.

Grand Total: 313 creatures vanquished

Notes
Turn   | Place    | Note
-------+----------+-------------------------------------------
     0 | D:1      | Pepete the Djinni Fire Elementalist began the quest for the
                  | Orb.
     0 | D:1      | Pepete set off with the following spells memorised:
                  | Foxfire, Scorch, Volatile Blastmotes, Inner Flame, Flame
                  | Wave.
     0 | D:1      | Reached XP level 1. HP: 15/15 MP: 0/0
   350 | D:1      | Reached XP level 2. HP: 21/21 MP: 0/0
   681 | D:1      | Reached skill level 3 in Spellcasting
  1098 | D:1      | Reached XP level 3. HP: 23/25 MP: 0/0
  1098 | D:1      | Learned a level 1 spell: Magic Dart
  2535 | D:2      | Reached XP level 4. HP: 19/31 MP: 0/0
  2966 | D:2      | Reached skill level 4 in Spellcasting
  3237 | D:2      | Noticed Natasha
  3240 | D:2      | Killed Natasha
  3241 | D:2      | Reached XP level 5. HP: 31/35 MP: 0/0
  3241 | D:2      | Learned a level 2 spell: Searing Ray
  3846 | D:2      | Noticed Natasha
  3852 | D:2      | Killed Natasha
  5427 | D:3      | Identified the +9 dagger of Makhleb's Pride {spect, Int+2}
  5521 | D:3      | Found a runed translucent door.
  5522 | D:3      | Noticed Crazy Yiuf
  5570 | D:3      | Slain by a gnoll

Illustrated notes

Levels and vault maps discovered:
D:1:      mrwooster_arrival_statue_2, layout_basic, minmay_tetromino_t4
D:2:      kennysheep_six_static_rooms, layout_basic, serial_curves,
          eino_curves_04, eino_curves_01, minmay_close_crescents, uniq_natasha
D:3:      layout_loops_ring, tgw_xom, serial_shops,
          nicolae_shop_industrial_runoff, uniq_crazy_yiuf_cottage

Skill      XL: |  1  2  3  4 |
---------------+-------------+-----
Spellcasting   | 3 4 |  4.6
Dodging        | |  2.1
Stealth        | |  1.5

Action                     |  1- 3 |  4- 6 || total
---------------------------+-------+-------++-------
   Cast: Foxfire           |   105 |    59 ||   164
         Scorch            |     6 |     9 ||    15
    Use: Scroll            |       |     5 ||     5
         Potion            |       |     4 ||     4
 Armour: Robe              |     8 |     2 ||    10
  Dodge: Dodged            |     9 |     8 ||    17
